 Dungeon Crawl Stone Soup version 0.31-a0-16-g6d2539766c (webtiles) character file.

Game seed: 4337334313616791326

749 sampeng1 the Trooper (level 8, -3/61 HPs)
             Began as a Human Berserker on May 8, 2023.
             Was an Elder of Trog.
             Slain by a gnoll
             ... wielding a +0 flail
             ... led by a gnoll bouda
              (6 damage)
             ... on level 5 of the Dungeon.
             The game lasted 00:18:33 (4197 turns).

sampeng1 the Trooper (Human Berserker)              Turns: 4197, Time: 00:18:34

Health: -3/61      AC: 10    Str: 23 (24) XL:     8   Next: 6%
Magic:  8/8        EV: 10    Int:  7 (8)  God:    Trog [****..]
Gold:   266        SH:  6    Dex: 14 (15) Spells: 7/7 levels left

rFire   . . .        f - +0 war axe
rCold   . . .        h - +1 buckler
rNeg    . . .        k - +0 chain mail
rPois   .            q - +0 helmet
rElec   .            c - scarf {shadows}
rCorr   .            (no gloves)
SInv    .            (no boots)
Will    ++...        (no amulet) Stlth
                     b - ring of ice
HPRegen 1.30/turn    p - ring of Ethics {Fire Str+4 Dex+3 Slay+6 Stlth+}
MPRegen 0.11/turn

%: no passive effects
@: weakened, strong-willed, on berserk cooldown, regenerating, hasted and slowed
A: no striking features
a: Renounce Religion, Berserk, Trog's Hand, Brothers in Arms


You were on level 5 of the Dungeon.
You worshipped Trog.
Trog was greatly pleased with you.
You visited 1 branch of the dungeon, and saw 5 of its levels.
You also visited: Sewer.

You collected 266 gold pieces.

Inventory:

Hand Weapons
 f - a +0 war axe (weapon)
Armour
 c - a scarf of shadows (worn)
 h - a +1 buckler (worn)
 k - a +0 chain mail (worn)
 q - a +0 helmet (worn)
Jewellery
 b - a ring of ice (left hand)
 p - the ring of Ethics (right hand) {Fire Str+4 Dex+3 Slay+6 Stlth+}
   (You found it on level 3 of the Dungeon)

   [ring of fire]

   It enhances your fire magic.
   Str:       It affects your strength (+4).
   Dex:       It affects your dexterity (+3).
   Slay:      It affects your accuracy & damage with ranged weapons and melee
   (+6).
   rF:        It protects you from fire.
   rC:        It makes you vulnerable to cold.
   Stlth:     It makes you more stealthy.
Wands
 m - a wand of charming (9)
Scrolls
 i - 2 scrolls of fear
 j - 2 scrolls of teleportation
 s - a scroll of blinking
Potions
 d - 3 potions of brilliance
 e - 2 potions of might
 g - a potion of flight
 n - a potion of cancellation
 o - a potion of heal wounds


   Skills:
 + Level 4.8 Fighting
 + Level 4.8 Axes
 + Level 4.2 Armour
 + Level 4.1 Dodging
 + Level 3.1 Shields


You had 7 spell levels left.
You didn't know any spells.
Your spell library contained the following spells:

 Spells                   Type           Power      Damage    Failure   Level
 Gell's Gravitas          Tloc           0%         N/A       100%        3
 Teleport Other           Tloc           0%         N/A       100%        3
 Dispersal                Tloc           0%         N/A       100%        6


Dungeon Overview and Level Annotations

Branches:
Dungeon (5/15)              Sewer (visited)
 Temple: D:4-7

Altars:
Nemelex Xobeh
Uskayaw
Vehumet
Wu Jian
Xom


Message History

The gnoll barely misses you. x2
You closely miss the gnoll bouda.
The gnoll bouda is severely wounded.
You hit the gnoll. You hit the white imp. You slash the gnoll!
The gnoll hits you with a +0 flail. The gnoll bouda misses you.
The white imp barely misses you. You block the gnoll's attack.
The gnoll hits you from afar with a +0 spear.
The gnoll hits you but does no damage. The gnoll bouda misses you.
The white imp gestures at you. The puff of frost hits you.
You block the gnoll's attack.
You feel much better. The gnoll hits you but does no damage.
The gnoll barely misses you.
The gnoll bouda gazes fiercely through you!
You feel your attacks grow feeble. The gnoll bouda barely misses you.
The white imp closely misses you. The gnoll hits you with a +0 flail!
You block the gnoll's attack. The gnoll barely misses you.
You feel yourself speed up.
The gnoll bouda hits you with a +0 whip!
You block the white imp's attack. The gnoll hits you but does no damage.
You block the gnoll's attack. The gnoll hits you with a +0 flail.
The gnoll bouda hits you with a +0 whip.
* * * LOW HITPOINT WARNING * * *
The white imp gestures at you. The puff of frost hits you!
* * * LOW HITPOINT WARNING * * *
The gnoll hits you with a +0 flail.
* * * LOW HITPOINT WARNING * * *
You hit the white imp.
You kill the white imp!
Trog accepts your kill.
You slash the gnoll bouda!
You kill the gnoll bouda!
Trog accepts your kill.
You slash the gnoll!
You kill the gnoll!
Trog accepts your kill.
You hit the gnoll.
The gnoll is no longer moving quickly.
You block the gnoll's attack. The gnoll hits you with a +0 flail.
You die...

#... .: #(.##.
<....##.
##.......
#g.......
#g)).....
#.@).>...
##......§
#.≈.8.§§
#.≈...≈.
#.§≈.≈≈§
#)≈≈.§§.
#.§≈.≈§. .
#.#####$§§_≈≈.
...
#.##...§§§§≈§.


You could see 2 gnolls.

Vanquished Creatures
  A phantom (D:4)
  2 bullfrogs (Sewer)
  Blork the orc (D:4)
  2 hounds (D:4)
  An orc priest (D:4)
  A gnoll bouda (D:5)
  A sleepcap (D:5)
  An orc wizard (D:4)
  Robin (D:4)
  2 gnolls (D:5)
  19 adders
  A white imp (D:5)
  4 worms
  5 dart slugs
  6 orcs
  3 bats
  9 endoplasms
  12 giant cockroaches
  16 goblins
  9 hobgoblins
  A jackal (D:2)
  9 kobolds
  10 quokkas
  15 ball pythons
  6 frilled lizards
  5 rats
  A spectral goblin (D:2)
144 creatures vanquished.

Notes
Turn   | Place    | Note
-------+----------+-------------------------------------------
     0 | D:1      | sampeng1 the Human Berserker began the quest for the Orb.
     0 | D:1      | Reached XP level 1. HP: 18/18 MP: 1/1
   118 | D:1      | Reached XP level 2. HP: 20/24 MP: 2/2
   502 | D:1      | HP: 1/24 [quokka (2)]
   636 | D:1      | Reached XP level 3. HP: 29/29 MP: 3/3
   930 | D:2      | Reached ** piety under Trog
   931 | D:2      | Reached XP level 4. HP: 7/35 MP: 4/4
  1105 | D:2      | Found a sparkling altar of Nemelex Xobeh.
  1393 | D:2      | Reached skill level 1 in Shields
  1735 | D:2      | Found a faded altar of an unknown god.
  2067 | D:3      | Upgraded the game from 0.31-a0-14-gc80a10f4b6 to
                  | 0.31-a0-16-g6d2539766c
  2085 | D:3      | Reached XP level 5. HP: 32/41 MP: 5/5
  2401 | D:3      | Found an ornate altar of the Wu Jian Council.
  2486 | D:3      | Found a shimmering altar of Xom.
  2532 | D:3      | Identified the ring of Ethics {Fire Str+4 Dex+3 Slay+6
                  | Stlth+}
  2842 | D:4      | Noticed Robin
  2844 | D:4      | Noticed Blork the orc
  2847 | D:4      | Reached XP level 6. HP: 48/48 MP: 6/6
  2850 | D:4      | Reached *** piety under Trog
  2855 | D:4      | Killed Blork the orc
  2860 | D:4      | Killed Robin
  3075 | D:4      | Found a glowing drain.
  3082 | Sewer    | Entered a sewer
  3146 | Sewer    | Reached XP level 7. HP: 54/54 MP: 7/7
  3205 | Sewer    | Reached **** piety under Trog
  3532 | D:4      | Found a hide-covered altar of Uskayaw.
  3661 | D:4      | Reached XP level 8. HP: 61/61 MP: 8/8
  4132 | D:5      | Entered Level 5 of the Dungeon
  4161 | D:5      | Found a radiant altar of Vehumet.
  4196 | D:5      | HP: 3/61 [white imp/puff of frost (12)]
  4196 | D:5      | HP: 1/61 [gnoll/+0 flail[a gnoll bouda] (2)]
  4197 | D:5      | Slain by a gnoll

Illustrated notes

Levels and vault maps discovered:
D:1:      dpeg_arrival_tiny_h, layout_basic, minivault_24
D:2:      layout_loops_cross, dreamdust_ecumenical_altar_drowned_temple,
          basic_altar, st_stairs_2, hangedman_decor_clover_reticule,
          grunt_ministairs_10
D:3:      layout_rooms, mainiacjoe_overflow_brackets,
          nicolae_wu_jian_immortal_techniques, chequers_jeans,
          nicolae_half_adder
D:4:      layout_basic, kennysheep_mini, lightli_sewer_entry_pipes, uniq_robin,
          uniq_blork_the_orc
D:5:      layout_rooms, mainiacjoe_overflow_boulevard,
          mainiacjoe_overflow_catwalk, nicolae_gozag_seed_capital,
          minmay_temple_entry_nine_rooms, serial_rivers,
          chequers_serial_rivers_micro_a, chequers_serial_rivers_marsh,
          chequers_serial_rivers_small_3, chequers_serial_rivers_small_b,
          chequers_serial_rivers_micro_d, chequers_serial_rivers_marsh

Skill      XL: |  1  2  3  4  5  6  7 |
---------------+----------------------+-----
Shields        | 1 2 3 |  3.1
Armour         | 3 4 |  4.2
Dodging        | 3 4 |  4.1
Fighting       | 4 |  4.8
Axes           | 4 |  4.8

Action                     |  1- 3 |  4- 6 |  7- 9 || total
---------------------------+-------+-------+-------++-------
  Melee: Hand axe          |    98 |   163 |    97 ||   358
         War axe           |       |       |    11 ||    11
 Invoke: Berserk           |     2 |     2 |     2 ||     6
         Trog's Hand       |       |       |     1 ||     1
    Use: Scroll            |     4 |     1 |     4 ||     9
         Potion            |     2 |     4 |     3 ||     9
   Stab: Sleeping          |     1 |       |       ||     1
         Distracted        |       |     1 |       ||     1
 Armour: Animal skin       |    19 |     2 |       ||    21
         Chain mail        |       |    58 |    67 ||   125
  Dodge: Dodged            |    61 |    71 |    78 ||   210
  Block: Buckler           |    13 |    24 |    42 ||    79

Table legend: (Time is in decaauts)
 A = Elapsed time spent in this place.
 B = Non-inter-level travel time spent in this place.
 C = Inter-level travel time spent in this place.
 D = Time resting spent in this place.
 E = Time spent auto-exploring this place.
 F = Levels seen in this place.
 G = Mean time per level.
                   A        B        C        D        E       F      G
               +--------+--------+--------+--------+--------+-----+--------+
         Total |   4375 |   3900 |    475 |    100 |   2370 |   6 |  729.2 |
       Dungeon |   4030 |   3555 |    475 |    100 |   2277 |   5 |  806.0 |
         Sewer |    345 |    345 |      0 |      0 |     92 |   1 |  345.0 |
               +--------+--------+--------+--------+--------+-----+--------+

Top non-repeatable levels by time:
     D:2: 1206 daAuts
     D:4: 1133 daAuts
     D:1: 905 daAuts
     D:3: 711 daAuts
   Sewer: 345 daAuts
     D:5: 73 daAuts
